 Dungeon Crawl Stone Soup version 0.30.1-9-gdf580d7c3d (webtiles) character file.

Game seed: 9262119563238318274

46575 growler the Stormcaller (level 14, -15/84 HPs)
             Began as a Tengu Air Elementalist on Sept 26, 2023.
             Was a High Priest of Hepliaklqana.
             Demolished by a catoblepas (32 damage)
             ... on level 5 of the Lair of Beasts on Sept 28, 2023.
             The game lasted 01:17:57 (29170 turns).

growler the Stormcaller (Tengu Air Elementalist)   Turns: 29170, Time: 01:17:57

Health: -15/84     AC:  2    Str:  9    XL:     14   Next: 38%
Magic:  12/24      EV: 14    Int: 19    God:    Hepliaklqana [*****.]
Gold:   1020       SH: 12    Dex: 20    Spells: 15/25 levels left

rFire   + . .        r - +1 dagger (speed)
rCold   . . .        A - +0 buckler
rNeg    . . .        a - +0 robe
rPois   +            (helmet restricted)
rElec   .            (no cloak)
rCorr   .            (no gloves)
SInv    .            (boots unavailable)
Will    +....        n - amulet of reflection
Stlth   +++          E - ring of poison resistance
HPRegen 0.34/turn    F - ring "Itaymin" {rF+ Dex+4 Stlth+}
MPRegen 0.19/turn

%: reflection
@: flying quickly and evasively, quick
A: reduced essence, beak, talons 3, nimble flight
a: Renounce Religion, Recall Ancestor, Ancestor Identity, Transference, Idealise


You were on level 5 of the Lair of Beasts.
You worshipped Hepliaklqana.
Hepliaklqana was extremely pleased with you.
You visited 3 branches of the dungeon, and saw 18 of its levels.
You also visited: Gauntlet.

You collected 1020 gold pieces.

Inventory:

Hand Weapons
 r - a +1 dagger of speed (weapon)
 N - a +2 dagger of flaming
Missiles
 k - 3 throwing nets
Armour
 a - a +0 robe (worn)
 A - a +0 buckler (worn)
Jewellery
 n - an amulet of reflection (around neck)
 x - a ring of ice
 B - a ring of ice
 E - a ring of poison resistance (left hand)
 F - the ring "Itaymin" (right hand) {rF+ Dex+4 Stlth+}
   (You found it on level 7 of the Dungeon)

   [ring of protection from fire]

   Dex:       It affects your dexterity (+4).
   rF:        It protects you from fire.
   Stlth:     It makes you more stealthy.
 G - a ring of wizardry
 S - a ring of fire
Wands
 C - a wand of digging (8)
 J - a wand of quicksilver (4)
 L - a wand of flame (17)
 M - a wand of polymorph (4)
 Q - a wand of mindburst (19)
 T - a wand of roots (8)
Scrolls
 e - a scroll of silence {unknown}
 i - a scroll of acquirement {unknown}
 l - a scroll of torment {unknown}
 m - 10 scrolls of teleportation
 q - a scroll of fear
 s - a scroll of blinking {unknown}
 t - 2 scrolls of identify
 u - a scroll of poison {unknown}
 v - a scroll of amnesia
 w - a scroll of fog {unknown}
 y - 2 scrolls of enchant weapon
 z - a scroll of noise
 I - a scroll of magic mapping {unknown}
Potions
 b - 2 potions of magic
 c - 9 potions of curing
 d - a potion of berserk rage
 f - a potion of resistance
 g - 4 potions of heal wounds {unknown}
 h - 2 potions of ambrosia
 j - 3 potions of might
 o - 6 potions of haste
 p - a potion of brilliance
 D - 3 potions of attraction
 H - 4 potions of mutation
 K - a potion of flight
 P - a potion of degeneration
 U - a potion of lignification
Miscellaneous
 O - a phial of floods
 R - a phantom mirror


   Skills:
 + Level 13.3 Fighting
 - Level 10.0 Short Blades
 - Level 2.1 Dodging
 - Level 2.0 Stealth
 + Level 9.1 Shields
 - Level 6.0 Spellcasting
 - Level 6.0 Conjurations
 + Level 19.1 Air Magic


You had 15 spell levels left.
You knew the following spells:

 Your Spells              Type           Power      Damage    Failure   Level
a - Shock                 Conj/Air       100%       1d9       1%          1
b - Static Discharge      Conj/Air       100%       2-7/arc   1%          2
c - Swiftness             Air            68%        N/A       1%          3
d - Airstrike             Air            34%        2d(5-21)  1%          4

Your spell library contained the following spells:

 Spells                   Type           Power      Damage    Failure   Level
 Cigotuvi's Dreadful Rot  Necr/Pois/Air  58%        N/A       1%          2
 Freezing Cloud           Conj/Ice/Air   18%        6-21      13%         5
 Necrotise                Necr           20%        1d5       14%         1
 Slow                     Hex            20%        N/A       14%         1
 Blink                    Tloc           10%        N/A       22%         2
 Sublimation of Blood     Necr           5%         N/A       22%         2
 Wereblood                Tmut           5%         N/A       22%         2
 Confusing Touch          Hex            5%         N/A       41%         3
 Ignite Poison            Fire/Tmut/Pois 5%         N/A       41%         3
 Portal Projectile        Hex/Tloc       10%        N/A       41%         3
 Tukima's Dance           Hex            5%         N/A       41%         3
 Vampiric Draining        Necr           5%         2d6       41%         3
 Irradiate                Conj/Tmut      8%         3d14      75%         5
 Cause Fear               Hex            2%         N/A       82%         4
 Manifold Assault         Tloc           5%         N/A       82%         4
 Passage of Golubria      Tloc           5%         N/A       82%         4
 Petrify                  Tmut/Erth      5%         N/A       82%         4
 Storm Form               Tmut/Air       21%        N/A       94%         7
 Agony                    Necr           5%         N/A       99%         5
 Alistair's Intoxication  Tmut/Pois      3%         N/A       99%         5
 Blade Hands              Tmut           2%         N/A       99%         5
 Borgnjor's Vile Clutch   Necr/Erth      2%         N/A       99%         5
 Yara's Violent Unravell  Hex/Tmut       2%         3d3       99%         5
 Eringya's Noxious Bog    Tmut/Pois      2%         N/A       100%        6
 Simulacrum               Ice/Necr       2%         N/A       100%        6
 Dragon Form              Tmut           2%         N/A       100%        7
 Ozocubu's Refrigeration  Ice            2%         4d8       100%        7
 Summon Hydra             Summ           2%         N/A       100%        7
 Dragon's Call            Summ           2%         N/A       100%        9
 Polar Vortex             Ice            2%         N/A       100%        9


Dungeon Overview and Level Annotations

Branches:
Dungeon (12/15)            Temple (1/1) D:5            Lair (5/5) D:8
  Swamp (0/4) Lair:3       Spider (0/4) Lair:3        Slime (0/5) Lair:4
    Orc (0/2) D:9         Gauntlet (visited)

Altars:
Cheibriados
Hepliaklqana
Kikubaaqudgha
Nemelex Xobeh
Okawaru
Uskayaw

Annotations:
D:4 2 transporters
D:9 2 transporters
D:12 1 transporter, Azrael, Fannar
Lair:3 2 transporters, Psyclone's ghost, journeyman DECj


Innate Abilities, Weirdness & Mutations

Your life essence is reduced to manifest your ancestor. (-10% HP)
You have a beak for a mouth.
You have claws for feet.
Your magical nature lets you fly swiftly and evasively.


Message History

Unknown command.
Casting: Static Discharge (safe; 1% risk of failure)
Confirm with . or Enter, or press ? or * to list all spells.
The lindwurm is struck by an arc of lightning.
The lindwurm is almost dead.
You are struck by an arc of lightning.
The lindwurm is struck by an arc of lightning.
The lindwurm is almost dead.
You are struck by an arc of lightning.
The lightning grounds out.
The black mamba is engulfed in calcifying dust. x2
You block the lindwurm's attack. The lindwurm closely misses you.
The lindwurm claws you!
Casting: Static Discharge (safe; 1% risk of failure)
Confirm with . or Enter, or press ? or * to list all spells.
The lindwurm is struck by an arc of lightning.
You kill the lindwurm!
You are struck by an arc of lightning.
Unknown command.
Being near the torpor snail leaves you feeling lethargic.
The helpless black mamba fails to defend itself.
You skewer the black mamba like a kebab!!!
You claw the black mamba.
You peck the black mamba, but do no damage.
The black mamba is severely wounded.
The helpless black mamba fails to defend itself.
You perforate the black mamba like a sieve!!!
You kill the black mamba!
The catoblepas breathes a plume of calcifying dust at you.
The blast of calcifying dust hits you.
You feel yourself speed up.
The catoblepas breathes a plume of calcifying dust at you.
The blast of calcifying dust hits you!
* * * LOW HITPOINT WARNING * * *
Reggie B. is still trapped in memory!
Okay, then.
As you read the scroll of fear, it crumbles to dust.
You assume a fearsome visage.
The catoblepas resists with almost no effort.
The catoblepas gores you!!
You die...

....#....###..S.$ .## #...
........###....( ...... #...
........# ..#.. .#w#..H#...
....#.#.###...########...#...k...
...#######..#..##.......### ###†.
..#.### #......#...#....P# #....
....#P####......#...#.....# #....
###...#..#......###§#†....# #....
.###...#.###....@Y§.....# ###..
.......#..#####P..§.§.### #..
............#####§P.### ###
..^.......P..# ######
........P....###..####
.....###.......R.....# ....P#
#......#.....## ....<#
###...#..P....# .....#
#....##.....#


You could see a catoblepas.

Vanquished Creatures
  A minotaur (Gauntlet)
  Josephine (D:10)
  A hydra (Lair:4)
  Harold (D:11)
  2 two-headed ogres
  6 death yaks
  Urug (Lair:1)
  2 skysharks
  A bog body (Lair:3)
  A lindwurm (Lair:5)
  A manticore (Lair:5)
  6 black mambas
  5 elephants
  A rust devil (Gauntlet)
  Joseph (D:8)
  5 cane toads
  5 komodo dragons
  5 rime drakes
  An unseen horror (D:11)
  A minotaur zombie (Gauntlet)
  A polar bear (Lair:1)
  2 hornets
  A troll (D:10)
  15 blink frogs
  Prince Ribbit (D:5)
  2 dream sheep (Lair:1)
  A shadow (D:10)
  A vampire (D:9)
  Sigmund (D:5)
  5 wyverns
  34 yaks
  4 basilisks
  5 wraiths (D:11)
  The ghost of safid the Chiller, an amateur MfIE (D:4)
  A death yak simulacrum (Lair:4)
  2 acid dragons
  Duvessa (D:4)
  17 water moccasins
  4 orc warriors
  3 black bears
  2 sky beasts
  5 ogres
  2 centaurs (D:9)
  18 wolves
  2 kobold brigands
  8 bullfrogs
  A wyvern zombie (D:4)
  A cane toad simulacrum (Lair:4)
  A water moccasin zombie (D:4)
  7 wights
  Dowan (D:4)
  4 killer bees (D:8)
  An elephant simulacrum (Lair:4)
  4 howler monkeys
  A bullfrog zombie (D:4)
  A gnoll bouda (D:8)
  2 iron imps (Gauntlet)
  11 orc priests
  4 hounds
  6 jellies
  2 iguanas
  11 orc wizards
  A polar bear simulacrum (Lair:4)
  2 gnolls (D:8)
  A howler monkey skeleton (D:4)
  9 adders
  A shadow imp (D:5)
  A white imp (D:6)
  3 worms
  A dart slug (D:5)
  33 orcs
  9 endoplasms
  2 giant cockroaches
  11 hobgoblins
  17 kobolds
  3 quokkas
  9 ball pythons
  A bat (D:1)
  3 frilled lizards
  8 goblins
  3 rats
363 creatures vanquished.

Vanquished Creatures (collateral kills)
  A black mamba (Lair:5)
  A moth of wrath (Gauntlet)
  9 elephants
  A cane toad (Lair:2)
  A torpor snail (Lair:1)
  A komodo dragon (Lair:2)
  2 polar bears
  4 blink frogs
  A ynoxinul (Gauntlet)
  10 yaks
  A wyvern (D:10)
  3 water moccasins
  An orc warrior (D:11)
  3 wolves
  A bullfrog (Lair:3)
  A scorpion (Lair:3)
  A killer bee (D:8)
  A howler monkey (D:8)
  A jelly (Lair:4)
  An orc wizard (D:11)
  A polar bear simulacrum (Lair:4)
  A gnoll (D:8)
  2 orcs
49 creatures vanquished.

Vanquished Creatures (others)
  9 ancestors
  10 hexers
19 creatures vanquished.

Grand Total: 431 creatures vanquished

Notes
Turn   | Place    | Note
-------+----------+-------------------------------------------
     0 | D:1      | growler the Tengu Air Elementalist began the quest for the
                  | Orb.
     0 | D:1      | Reached XP level 1. HP: 10/10 MP: 4/4
   421 | D:1      | Reached XP level 2. HP: 15/15 MP: 4/6
  1190 | D:1      | Learned a level 2 spell: Static Discharge
  1259 | D:2      | Reached XP level 3. HP: 19/19 MP: 4/7
  1710 | D:2      | Found a hide-covered altar of Uskayaw.
  2332 | D:3      | Reached skill level 5 in Air Magic
  2332 | D:3      | Reached XP level 4. HP: 22/24 MP: 3/9
  3020 | D:3      | Noticed an ogre
  3038 | D:3      | Killed an ogre
  3039 | D:3      | Gained mutation: Your magical nature lets you fly swiftly
                  | and evasively. [Tengu growth]
  3039 | D:3      | Reached XP level 5. HP: 24/28 MP: 0/11
  3699 | D:4      | Reached skill level 6 in Air Magic
  3699 | D:4      | Reached XP level 6. HP: 18/32 MP: 4/12
  3979 | D:4      | Found a transporter.
  3982 | D:4      | Noticed safid's ghost (amateur MfIE)
  4014 | D:4      | Found a transporter.
  4033 | D:4      | Found a hide-covered altar of Uskayaw.
  4035 | D:4      | Found a sparkling altar of Nemelex Xobeh.
  4160 | D:4      | HP: 1/32 [ogre/+0 giant club (31)]
  4197 | D:4      | Reached skill level 5 in Conjurations
  4347 | D:4      | Found a transporter.
  4458 | D:4      | Noticed Duvessa
  4458 | D:4      | Noticed Dowan
  4565 | D:3      | Learned a level 3 spell: Swiftness
  4570 | D:3      | Learned a level 4 spell: Airstrike
  4702 | D:4      | Killed Duvessa
  4703 | D:4      | Reached XP level 7. HP: 36/36 MP: 3/14
  4910 | D:4      | Found a transporter.
  4934 | D:4      | Killed Dowan
  4935 | D:4      | Reached skill level 7 in Air Magic
  5056 | D:5      | Entered Level 5 of the Dungeon
  5380 | D:5      | Noticed Sigmund
  5382 | D:5      | Killed Sigmund
  5383 | D:5      | Reached skill level 5 in Spellcasting
  5383 | D:5      | Reached skill level 8 in Air Magic
  5383 | D:5      | Reached XP level 8. HP: 41/41 MP: 7/16
  5560 | D:5      | Noticed Prince Ribbit
  5569 | D:5      | Killed Prince Ribbit
  5570 | D:5      | Reached skill level 9 in Air Magic
  5675 | D:5      | Identified the +6 chain mail of the Inviting Gods {Fly
                  | Int+6}
  5832 | D:5      | Found a staircase to the Ecumenical Temple.
  5841 | Temple   | Entered the Ecumenical Temple
  5928 | Temple   | Became a worshipper of Hepliaklqana the Forgotten
  6427 | D:6      | Reached skill level 1 in Fighting
  6427 | D:6      | Reached skill level 1 in Short Blades
  6645 | D:6      | Reached skill level 10 in Air Magic
  6682 | D:6      | Reached XP level 9. HP: 48/48 MP: 12/19
  6933 | D:6      | Identified the +4 trident of the Thoughtful Realms {heavy,
                  | Dex+2}
  7389 | D:4      | Killed safid's ghost
  7548 | D:4      | Identified the +3 dagger of the Evil Eye {heavy, rN++ Will-
                  | rCorr Str-4}
  7860 | D:7      | Reached * piety under Hepliaklqana
  7902 | D:7      | Identified the ring "Itaymin" {rF+ Dex+4 Stlth+}
  8158 | D:7      | Reached skill level 11 in Air Magic
  8739 | D:8      | Reached skill level 5 in Short Blades
  8932 | D:8      | Reached skill level 5 in Fighting
  8995 | D:8      | Reached XP level 10. HP: 36/53 MP: 0/20
  9197 | D:8      | Found a staircase to the Lair.
  9220 | D:7      | Reached skill level 12 in Air Magic
  9891 | D:8      | Noticed a two-headed ogre
  9895 | D:8      | Killed a two-headed ogre
 10242 | D:8      | Identified the +5 war axe of Benevolence {pain, +Blink
                  | rPois}
 10368 | D:8      | Noticed Joseph
 10410 | D:8      | Killed Joseph
 10973 | D:8      | Reached skill level 13 in Air Magic
 10973 | D:8      | HP: 2/54 [yak (17)]
 11162 | D:8      | Reached ** piety under Hepliaklqana
 11561 | D:8      | Reached XP level 11. HP: 60/60 MP: 1/21
 12079 | D:9      | Found a transporter.
 12107 | D:9      | Noticed a cyclops
 12110 | D:9      | Noticed a cyan ugly thing
 12412 | D:9      | Noticed a two-headed ogre
 12417 | D:9      | Killed a two-headed ogre
 12763 | D:9      | Found a staircase to the Orcish Mines.
 13102 | D:9      | Reached skill level 14 in Air Magic
 13240 | D:9      | Found a transporter.
 13790 | D:10     | Entered Level 10 of the Dungeon
 14643 | D:10     | Identified the +0 plate armour of Infinity {rF+}
 14933 | D:10     | Reached *** piety under Hepliaklqana
 15845 | D:11     | Noticed Josephine
 15854 | D:10     | Killed Josephine
 16018 | D:10     | Remembered your ancestor Reggie B. as a hexer
 16169 | D:11     | Found a gate leading to a gauntlet.
 16189 | Gauntlet | Entered a Gauntlet
 16189 | Gauntlet | Noticed a moth of wrath
 16189 | Gauntlet | Found a transporter.
 16197 | Gauntlet | Found a transporter.
 16198 | Gauntlet | Found a transporter.
 16211 | Gauntlet | Found a transporter.
 16212 | Gauntlet | Found a transporter.
 16213 | Gauntlet | Noticed an obsidian statue
 16219 | Gauntlet | Found a transporter.
 16240 | Gauntlet | Found a transporter.
 16251 | Gauntlet | Found a transporter.
 16259 | Gauntlet | Found a runed translucent gate.
 16259 | Gauntlet | Found a runed translucent gate.
 16259 | Gauntlet | Found a runed translucent gate.
 16259 | Gauntlet | Noticed an obsidian statue
 16263 | Gauntlet | Found a transporter.
 16265 | Gauntlet | Noticed a five-headed hydra
 16286 | Gauntlet | Found a transporter.
 16296 | Gauntlet | Found a transporter.
 16296 | Gauntlet | Found a transporter.
 16298 | Gauntlet | Noticed a catoblepas
 16344 | Gauntlet | Found a transporter.
 16352 | Gauntlet | Found a runed translucent door.
 16356 | Gauntlet | Found a runed translucent door.
 16358 | Gauntlet | Found a transporter.
 16460 | Gauntlet | Killed a moth of wrath
 16668 | Gauntlet | Reached skill level 10 in Short Blades
 16682 | Gauntlet | Reached skill level 15 in Air Magic
 16807 | Gauntlet | Identified the ring "Sianwuc" {Ice Fly rPois Str-5}
 16838 | Gauntlet | Noticed a minotaur
 16880 | Gauntlet | HP: 1/63 [minotaur/javelin (31)]
 16884 | Gauntlet | Killed a minotaur
 16885 | Gauntlet | Reached XP level 12. HP: 2/68 MP: 1/22
 17515 | D:11     | Reached skill level 10 in Fighting
 17678 | D:11     | Reached skill level 1 in Shields
 18177 | D:11     | Noticed Harold
 18330 | D:11     | Killed Harold
 18331 | D:11     | Reached skill level 16 in Air Magic
 18691 | D:12     | Noticed Fannar
 18691 | D:12     | Found a transporter.
 18692 | D:12     | Noticed Azrael
 18788 | Lair:1   | Entered Level 1 of the Lair of Beasts
 19447 | Lair:1   | Noticed Urug
 19455 | Lair:1   | Killed Urug
 19734 | Lair:1   | Reached **** piety under Hepliaklqana
 20767 | Lair:2   | Noticed a skyshark
 20772 | Lair:2   | Killed a skyshark
 21235 | Lair:2   | Reached skill level 5 in Shields
 21250 | Lair:2   | Reached XP level 13. HP: 28/75 MP: 14/23
 21450 | Lair:2   | Reached skill level 17 in Air Magic
 23398 | Lair:3   | Found a staircase to the Swamp.
 23692 | Lair:3   | Found a hole to the Spider Nest.
 23701 | Lair:3   | Found a transporter.
 23704 | Lair:3   | Found a transporter.
 23705 | Lair:3   | Noticed Psyclone's ghost (journeyman DECj)
 24276 | Lair:3   | Reached ***** piety under Hepliaklqana
 24557 | Lair:3   | Reached skill level 18 in Air Magic
 25809 | Lair:4   | Found a staircase to the Slime Pits.
 26273 | Lair:4   | Reached XP level 14. HP: 59/82 MP: 6/24
 27647 | Lair:5   | Entered Level 5 of the Lair of Beasts
 28203 | Lair:5   | Reached skill level 19 in Air Magic
 29170 | Lair:5   | Demolished by a catoblepas

Illustrated notes

Levels and vault maps discovered:
D:1:      minmay_arrival_up_and_down, layout_loops_corners,
          minmay_misc_feat_tower, hex_large, solitary_fountain, hex_medium
D:2:      layout_basic, basic_altar, minmay_liquid_box,
          nicolae_figureground_pulse
D:3:      minmay_general_purpose_star, layout_basic,
          nicolae_concentric_dashed_squares_mild
D:4:      layout_basic, gammafunk_temple_overflow_arena,
          gammafunk_ghost_mausoleum, uniq_duvessa
D:5:      layout_cave_pools, minmay_temple_entry_gardened_gates, uniq_sigmund,
          uniq_prince_ribbit1
D:6:      layout_loops_ring, hangedman_decor_slide_cut, kennysheep_flooded_box
D:7:      layout_basic
D:8:      layout_loops_ring, minmay_lair_entry_grove, serial_co_window_serial,
          co_window_of_opportunity_a, co_window_corner_a, co_window_paths_a,
          co_window_paths_a, co_window_paths_b, co_window_of_opportunity_a,
          co_window_paths_b, co_window_of_opportunity_b, co_window_cross_4,
          co_window_of_opportunity_b, co_window_broadway_c, co_window_corner_b,
          nicolae_underground_beach, uniq_joseph
D:9:      gammafunk_the_bubble [the_bubble_gammafunk_grid], layout_loops_ring,
          orc_0_dummy, enter_bailey_3, kennysheep_cluttered_room
D:10:     layout_basic, minivault_24
D:11:     layout_rooms, gauntlet_entry_generic, uniq_josephine, uniq_harold
D:12:     layout_roguey, gammafunk_ghost_arena, uniq_fannar, uniq_jorgrun,
          uniq_azrael, uniq_lodul
Temple:   mainiacjoe_temple_cubbyholes
Lair:1:   layout_loops_ring, uniq_urug
Lair:2:   layout_small_grid
Lair:3:   layout_hall_layers, skrybe_swamp_entry_bodies, dummy_spider_entry,
          gammafunk_ghost_arena
Lair:4:   layout_concentric_octagons, nicolae_slime_entry_field_trip,
          portal_ice_cave_entry_ice_simulacra
Lair:5:   hangedman_lair_in_review, layout_misc_corridors,
          guppyfry_lair_end_dragon

Skill      XL: |  1  2  3  4  5  6  7  8  9 10 11 12 13 14 |
---------------+-------------------------------------------+-----
Conjurations   | 2 3 4 5 6 |  6.0
Air Magic      | 5 6 8 10 11 13 15 16 18 19 | 19.1
Spellcasting   | 3 4 5 6 |  6.0
Fighting       | 2 5 7 9 11 12 13 | 13.3
Short Blades   | 2 5 8 10 | 10.0
Shields        | 5 8 9 |  9.1
Dodging        | |  2.1
Stealth        | |  2.0

Action                     |  1- 3 |  4- 6 |  7- 9 | 10-12 | 13-15 || total
---------------------------+-------+-------+-------+-------+-------++-------
  Melee: Unarmed           |    18 |     1 |       |       |       ||    19
         Peck              |     4 |     4 |    15 |    88 |    79 ||   190
         Kick              |     6 |     7 |    10 |   144 |   109 ||   276
         Dagger            |       |    27 |    32 |   318 |   203 ||   580
         Punch             |       |       |     2 |     2 |       ||     4
   Cast: Shock             |    85 |    72 |   110 |    20 |     2 ||   289
         Static Discharge  |       |     4 |    15 |    77 |    39 ||   135
         Airstrike         |       |     4 |    50 |   218 |   209 ||   481
 Invoke: Recall Ancestor   |       |       |     1 |     8 |     2 ||    11
         Ancestor Identity |       |       |     1 |       |       ||     1
         Ancestor Life: He |       |       |       |     1 |       ||     1
  Evoke: Wand              |       |       |       |     7 |       ||     7
         Phial of floods   |       |       |       |     1 |       ||     1
    Use: Potion            |       |     1 |       |       |       ||     1
         Scroll            |       |       |     6 |    10 |     4 ||    20
   Stab: Distracted        |       |       |       |     2 |     4 ||     6
         Confused          |       |       |       |     4 |     1 ||     5
         Petrified         |       |       |       |       |     2 ||     2
 Armour: Robe              |     5 |     4 |     8 |    10 |     9 ||    36
  Dodge: Dodged            |    17 |    12 |    31 |   113 |    70 ||   243
  Block: Other             |       |     3 |     8 |    34 |       ||    45
         Reflection        |       |       |       |     4 |     2 ||     6
         Buckler           |       |       |       |    52 |    90 ||   142
